 Dungeon Crawl Stone Soup version 0.23-a0-408-g9d4b7ed (webtiles) character file.

180 Mgcat the Insei (level 5, -18/35 HPs)
             Began as an Octopode Transmuter on Nov 8, 2018.
             Demolished by an ogre
             ... wielding a +0 giant spiked club
              (24 damage)
             ... on level 4 of the Dungeon.
             The game lasted 00:05:58 (2886 turns).

Mgcat the Insei (Octopode Transmuter)               Turns: 2886, Time: 00:05:58

Health: -18/35     AC:  2    Str: 10    XL:     5   Next: 60%
Magic:  6/9        EV: 20    Int: 15    God:
Gold:   188        SH:  0    Dex: 18    Spells: 4/10 levels left

rFire    + . .     SeeInvis .     - Unarmed
rCold    . . .     Gourm    .   (shield currently unavailable)
rNeg     . . .     Faith    .   (helmet currently unavailable)
rPois    .         Spirit   .   (no amulet)
rElec    .         Reflect  .   m - ring of poison resistance {rPois, !d}
rCorr    .         Harm     .   q - ring of protection from fire {rF+, !d}
MR       .....                  (no ring)
Stlth    ++........             (no ring)
HPRegen  0.11/turn              (no ring)
MPRegen  0.11/turn              (no ring)
                                (no ring)
                                (no ring)

@: spider-form
A: tiny, almost no armour, stealthy swim, (amphibious), 8 rings, (constrict 8)
a: End Transformation


You were on level 4 of the Dungeon.
You were hungry.
You were a venomous arachnid creature.
You visited 1 branch of the dungeon, and saw 4 of its levels.

You collected 188 gold pieces.

Inventory:

Missiles
 a - 32 arrows
Armour
 e - a +0 buckler
   (You found it on level 1 of the Dungeon)
 p - a +0 shield
   (You found it on level 2 of the Dungeon)
Jewellery
 i - an uncursed ring of ice {rC+, rF-}
   (You found it on level 1 of the Dungeon)
 m - a ring of poison resistance (left front leg) {rPois, !d}
   (You found it on level 1 of the Dungeon)
 q - a ring of protection from fire (right front leg) {rF+, !d}
   (You found it on level 2 of the Dungeon)
Scrolls
 d - 6 scrolls of identify {unknown}
 j - 4 scrolls of teleportation {unknown}
 l - a scroll of fear {unknown}
 n - a scroll of enchant weapon {unknown}
 r - 2 scrolls of amnesia {unknown}
 s - a scroll of magic mapping {unknown}
 t - a scroll of enchant armour {unknown}
 u - a scroll of fog {unknown}
Potions
 b - a potion of lignification {unknown}
 f - a potion of haste
 g - a potion of berserk rage {unknown}
 h - a potion of flight
 k - a potion of degeneration {unknown}
 o - a potion of curing
 w - a potion of agility {unknown}
 x - a potion of cancellation {unknown}
Comestibles
 c - 3 rations


   Skills:
 + Level 2.7 Fighting
 - Level 2.0 Dodging
 + Level 3.9 Unarmed Combat
 + Level 3.1 Spellcasting
 + Level 3.2 Transmutations


You had 4 spell levels left.
You knew the following spells:

 Your Spells              Type           Power        Failure   Level  Hunger
a - Beastly Appendage     Tmut           ##....       16%         1    #......
b - Sticks to Snakes      Tmut           ##......     21%         2    ##.....
c - Spider Form           Tmut/Pois      #.........   52%         3    ###....

Your spell library contained the following spells:

 Spells                   Type           Power        Failure   Level  Hunger
 Ice Form                 Ice/Tmut       #.......     87%         4    #####..
 Blade Hands              Tmut           ##........   93%         5    ######.


Dungeon Overview and Level Annotations

Branches:
Dungeon (4/15)
 Temple: D:4-7

Altars:


Innate Abilities, Weirdness & Mutations

You cannot wear most types of armour.
You are very stealthy in the water. (Stealth+)
((You are amphibious.))
You can wear up to eight rings at the same time.
((You can use your tentacles to constrict eight enemies at once.))
((Your skin changes colour to match your surroundings (Stealth+).))
((Your rubbery body absorbs attacks. (AC +1, EV +1)))


Message History

You closely miss the rat. You grab the rat. You constrict the rat.
You kill the rat!
No target in view!
No target in view!
You butcher the rat corpse.
v - 21 chunks of flesh {@w0} (gained 1)
You see here a rat skeleton. x2
Key pressed, stopping explore.
d - 5 scrolls labeled BUCZOT ECIRR (gained 1)
d - 6 scrolls labeled BUCZOT ECIRR (gained 1)
x - a white potion Some of the chunks of flesh in your inventory have rotted away.
A kobold comes into view.
The kobold shouts!
You tentacle-slap the kobold. Your grab misses the kobold.
The kobold is severely wounded.
The kobold barely misses you.
You tentacle-slap the kobold but do no damage.
You grab the kobold.
The kobold is severely wounded.
You constrict the kobold.
You kill the kobold!
No target in view!
No target in view!
Things that are here:
2 stones; a kobold corpse You now have 180 gold pieces (gained 14).
Some of the chunks of flesh in your inventory have rotted away.
A ball python comes into view.
A ball python is nearby!
The helpless ball python fails to defend itself.
You bludgeon the ball python!
You kill the ball python!
No target in view!
No target in view!
You butcher the ball python corpse.
v - 7 chunks of flesh {@w0} (gained 1)
You see here a ball python skeleton. x2
Key pressed, stopping explore.
You now have 188 gold pieces (gained 8).
There is a stone staircase leading up here.
Some of the chunks of flesh in your inventory have rotted away.
You see here 24 stones.
Found a stone staircase leading down.
Some of the chunks of flesh in your inventory have rotted away.
Some of the chunks of flesh in your inventory have rotted away.
Done exploring.
Done exploring.
Done exploring.
Done exploring.
Done exploring.
Done exploring.
Done exploring.
Done exploring.
Done exploring.
(D) Dungeon
Where to? (? - help)
What level of the Dungeon? (default 1, ? - help)
There is a stone staircase leading down here.
You climb downwards.
There is a stone staircase leading up here.
Okay, then.
All of the chunks of flesh in your inventory have rotted away.
You are feeling hungry.
You open the door.
Found a runed leather armour.
Found a stone staircase leading down.
There is an open door here.
No target in view!
No target in view!
No target in view!
An ogre comes into view. It is wielding a +0 giant spiked club.
Unknown command.
Unknown command.
Unknown command.
There is an open door here.
Okay, then.
Casting: Beastly Appendage (safe; 5% risk of failure)
Confirm with . or Enter, or press ? or * to list all spells.
You turn into a venomous arachnid creature.
Unknown command.
Unknown command.
The ogre shouts!
Unknown command.
Unknown command.
A rat comes into view.
The ogre hits you with a +0 giant spiked club!!
Ouch! That really hurt!
* * * LOW HITPOINT WARNING * * *
You see here a war axe.
Unknown command.
Unknown command.
You hit the ogre.
The ogre is poisoned.
The ogre is lightly wounded.
Unknown command.
Unknown command.
You hit the ogre.
The ogre looks as sick as possible!
The ogre is moderately wounded.
The ogre hits you with a +0 giant spiked club!!
Ouch! That really hurt!
You die...

#####.....#
......##### ........
......# #######.....r
...<..# #.....#%....#
......# #.....#.....#
....).####.....#.....#
...............+.....#
...............#.O...#
..........###'##s....#
......[...#..........#
..........#..........#
..........#..........#
..........#.>...$?[..#
..........#..........#
#...######## #..[#
#...


You could see an ogre and a rat.

Vanquished Creatures
  A worker ant (D:3)
  7 adders
  An ooze (D:2)
  2 worms (D:2)
  2 dart slugs
  3 leopard geckos
  5 orcs (D:3)
  2 giant cockroaches
  12 goblins
  11 hobgoblins
  7 jackals (D:1)
  4 kobolds
  A quokka (D:3)
  A ball python (D:3)
  2 bats (D:2)
  4 frilled lizards
  8 rats
73 creatures vanquished.

Notes
Turn   | Place    | Note
-------+----------+-------------------------------------------
     0 | D:1      | Mgcat the Octopode Transmuter began the quest for the Orb.
     0 | D:1      | Reached XP level 1. HP: 13/13 MP: 3/3
   292 | D:1      | Reached XP level 2. HP: 18/18 MP: 5/5
   655 | D:1      | Reached XP level 3. HP: 17/23 MP: 4/6
  1111 | D:2      | Learned a level 2 spell: Sticks to Snakes
  1115 | D:2      | Learned a level 3 spell: Spider Form
  1226 | D:2      | Reached XP level 4. HP: 29/29 MP: 5/7
  1234 | D:2      | Reached skill level 2 in Fighting
  1251 | D:2      | HP: 7/29 [poisoned by an adder]
  1994 | D:3      | Reached skill level 3 in Transmutations
  2005 | D:3      | Reached XP level 5. HP: 35/35 MP: 9/9
  2078 | D:3      | Reached skill level 3 in Spellcasting
  2083 | D:3      | HP: 7/35 [orc/+0 flail (7)]
  2095 | D:3      | HP: 8/35 [giant cockroach (1)]
  2879 | D:4      | Noticed an ogre
  2884 | D:4      | HP: 6/35 [ogre/+0 giant spiked club (29)]
  2886 | D:4      | Demolished by an ogre

Vault maps used:
D:1:      mrwooster_arrival_statue_2, chequers_serial_rivers_micro_e
D:3:      cheibrodos_greedy_goblins
D:4:      first_ration

Skill      XL: |  1  2  3  4  5 |
---------------+----------------+-----
Fighting       | 2 |  2.7
Transmutations | 3 |  3.2
Spellcasting   | 3 |  3.1
Dodging        | |  2.0
Unarmed Combat | |  3.9

Action                   |  1- 3 |  4- 6 || total
-------------------------+-------+-------++-------
Melee: Unarmed           |    74 |   105 ||   179
       Constrict         |    23 |    23 ||    46
       Tentacles         |    10 |    10 ||    20
       Kick              |     5 |    12 ||    17
       Punch             |     2 |     2 ||     4
 Cast: Beastly Appendage |     8 |     9 ||    17
       Spider Form       |       |     2 ||     2
  Use: Potion            |       |     3 ||     3
 Stab: Sleeping          |     5 |     4 ||     9
  Eat: Chunk             |     1 |     5 ||     6
Armor: Skin              |     2 |     8 ||    10
Dodge: Dodged            |    59 |    55 ||   114

Table legend:
 A = Non-vault XP
 B = Vault XP
 C = Vault XP percentage of total XP
 D = Non-vault monster count
 E = Vault monster count
 F = Vault count percentage of total count
                 A         B        C        D         E       F
            +---------+---------+-------+---------+---------+-------
      Total |     240 |      18 |   7.0 |      64 |       9 |  12.3
            +---------+---------+-------+---------+---------+-------
        D:1 |      47 |       0 |   0.0 |      26 |       0 |   0.0
        D:2 |     113 |       0 |   0.0 |      21 |       0 |   0.0
        D:3 |      80 |      18 |  18.4 |      17 |       9 |  34.6
            +---------+---------+-------+---------+---------+-------

Vault maps used:
D:1:      mrwooster_arrival_statue_2, chequers_serial_rivers_micro_e
D:3:      cheibrodos_greedy_goblins
D:4:      first_ration

Table legend:
 A = Turns spent in this place as a percentage of turns spent in the entire game.
 B = Non-inter-level travel turns spent in this place as a percentage of non-inter-level travel turns spent in the entire game.
 C = Inter-level travel turns spent in this place as a percentage of turns spent in this place.
 D = Turns resting spent in this place as a percentage of non-inter-level travel turns spent in this place.
 E = Turns spent auto-exploring this place as a percentage of non-inter-level travel turns spent in this place.
 F = Non-inter-level travel turns spent in this place divided by the number of levels of this place that you've seen.
                   A       B       C       D       E      F
               +-------+-------+-------+-------+-------+----------------------
         Total | 100.0 | 100.0 |   3.8 |   5.6 |  75.9 | 694.0
       Dungeon | 100.0 | 100.0 |   3.8 |   5.6 |  75.9 | 694.0
               +-------+-------+-------+-------+-------+----------------------

Table legend:
 A = Kills in this place as a percentage of kills in entire the game.
 B = Kills by you in this place as a percentage of kills by you in the entire game.
 C = Kills by friends in this place as a percentage of kills by friends in the entire game.
 D = Other kills in this place as a percentage of other kills in the entire game.
 E = Experience gained in this place as a percentage of experience gained in the entire game.
 F = Experience gained in this place divided by the number of levels of this place that you have seen.
                   A       B       C       D       E      F
               +-------+-------+-------+-------+-------+----------------------
         Total | 100.0 | 100.0 |   N/A |   N/A | 100.0 |  64.5
       Dungeon | 100.0 | 100.0 |   N/A |   N/A | 100.0 |  64.5
               +-------+-------+-------+-------+-------+----------------------
